 Dungeon Crawl Stone Soup version 0.20-a0-493-g19c8d8d (webtiles) character file.

45 AlphabetPasta the Grave Robber (level 3, 0/28 HPs)
             Began as a Minotaur Necromancer on Jan 16, 2017.
             Slain by a leopard gecko (5 damage)
             ... on level 2 of the Dungeon.
             The game lasted 00:06:39 (1509 turns).

AlphabetPasta the Grave Robber (MiNe)               Turns: 1509, Time: 00:06:39

Health: 0/28       AC:  3    Str: 12    XL:     3   Next: 42%
Magic:  0/1        EV: 12    Int: 13    God:
Gold:   54         SH:  0    Dex: 10    Spells: 3/5 levels left

rFire    . . .     SeeInvis .   i - +0 hand axe (antimagic)
rCold    . . .     Gourm    .   f - +0 leather armour
rNeg     . . .     Faith    .   (no shield)
rPois    .         Spirit   .   (helmet restricted)
rElec    .         Reflect  .   (no cloak)
rCorr    .         Harm     .   (no gloves)
MR       .....                  (no boots)
Stlth    +.........             (no amulet)
Regen    0.1/turn               (no ring)
                                (no ring)

@: very slightly contaminated
A: retaliatory headbutt, horns 2
a: no special abilities


You were on level 2 of the Dungeon.
You were not hungry.

You visited 1 branch of the dungeon, and saw 2 of its levels.

You collected 54 gold pieces.

Inventory:

Hand Weapons
 d - a +0 whip
 i - a +0 antimagic hand axe (weapon)
Armour
 a - a +1 robe
 f - a +0 leather armour (worn)
Jewellery
 k - an uncursed ring of ice {unknown}
Scrolls
 e - a scroll of identify
Potions
 l - a potion of lignification
Books
 b - a book of Necromancy

   Spells                             Type                      Level
   a - Pain                           Necromancy                   1
   b - Animate Skeleton               Necromancy                   1
   c - Vampiric Draining              Necromancy                   3
   d - Regeneration                   Charms/Necromancy            3
   e - Animate Dead                   Necromancy                   4
   f - Control Undead                 Necromancy                   4
Comestibles
 c - a bread ration
 g - 3 fruits
 h - 7 chunks of flesh
 j - a beef jerky
 m - a meat ration


   Skills:
 - Level 1.0 Fighting
 + Level 0.5 Axes
 - Level 2.1 Dodging
 - Level 1.5 Stealth
 + Level 1.8 Spellcasting
 * Level 3.4 Necromancy


You had 3 spell levels left.
You knew the following spells:

 Your Spells              Type           Power        Failure   Level  Hunger
a - Pain                  Necr           ##..         12%         1    ##.....
b - Animate Skeleton      Necr           N/A          12%         1    ##.....


Dungeon Overview and Level Annotations

Branches:
Dungeon (2/15)

Altars:


Innate Abilities, Weirdness & Mutations

You reflexively headbutt those who attack you in melee.
You have a pair of horns on your head.


Message History

The leopard gecko bites you. x2
You barely miss the leopard gecko.
The leopard gecko is almost dead.
The leopard gecko bites you but does no damage.
You miss the leopard gecko.
The leopard gecko is almost dead.
The leopard gecko bites you. x2
You barely miss the leopard gecko.
The leopard gecko is almost dead.
The leopard gecko bites you.
* * * LOW HITPOINT WARNING * * *
You closely miss the leopard gecko.
The leopard gecko is almost dead.
The leopard gecko barely misses you.
You hit the leopard gecko but do no damage.
The leopard gecko is almost dead.
The leopard gecko bites you.
* * * LOW HITPOINT WARNING * * *
The leopard gecko bites you.
You die...

## ..
##.###########
#..l@........#
#..#########.#
#. #.####### #
#.......#
######.## #.#
#.# #.# #.#


You could see a leopard gecko.

Vanquished Creatures
  An adder (D:2)
  2 leopard geckos (D:1)
  4 giant cockroaches
  5 goblins
  6 hobgoblins (D:1)
  2 bats
  2 frilled lizards (D:1)
  3 kobolds
  8 rats (D:1)
33 creatures vanquished.

Notes
Turn   | Place    | Note
-------+----------+-------------------------------------------
     0 | D:1      | AlphabetPasta the Minotaur Necromancer began the quest for the Orb.
     0 | D:1      | Reached XP level 1. HP: 14/14 MP: 1/1
    24 | D:1      | Reached skill level 3 in Necromancy
    79 | D:1      | Learned a level 1 spell: Animate Skeleton
   332 | D:1      | Reached XP level 2. HP: 2/22 MP: 0/3
   732 | D:1      | Reached skill level 1 in Fighting
  1144 | D:1      | Reached XP level 3. HP: 27/28 MP: 0/4
  1509 | D:2      | Slain by a leopard gecko

Vault maps used:
D:1:      lightli_arrival_flooded_house

Skill      XL: |  1  2 |
---------------+-------+-----
Necromancy     | 3 |  3.4
Fighting       | 1 |  1.0
Axes           | |  0.5
Dodging        | |  2.1
Stealth        | |  1.5
Spellcasting   | |  1.8

Action                   || total
-------------------------++-------
Melee: Whip              ||    33
       Headbutt          ||     4
       Hand axe          ||    49
 Cast: Pain              ||    16
  Use: Scroll            ||     2
 Stab: Sleeping          ||     1
  Eat: Chunk             ||     2
Armor: Robe              ||     9
       Leather armour    ||     7
Dodge: Dodged            ||    46
